 Dungeon Crawl Stone Soup version 0.31-a0-1626-g5cb510d322 (webtiles) character file.

Game seed: 4564263867830998741

1 jasper the Covered (level 1, 16/18 HPs)
             Began as an Armataur Fighter on Jan 12, 2024.
             Quit the game on level 1 of the Dungeon.
             The game lasted 00:00:37 (128 turns).

jasper the Covered (Armataur Fighter)                Turns: 128, Time: 00:00:38

Health: 16/18      AC:  6    Str: 21    XL:     1   Next: 16%
Magic:  1/1        EV:  7    Int:  8    God:
Gold:   14         SH:  4    Dex:  9    Spells: 0/0 levels left

rFire   . . .        a - +0 flail
rCold   . . .        c - +0 buckler
rNeg    . . .        b - +0 scale mail
rPois   .            (no helmet)
rElec   .            (no cloak)
rCorr   .            (no gloves)
SInv    .            (no barding)
Will    .....        (no amulet) Stlth
                     (no ring)
HPRegen 0.23/turn    (no ring)
MPRegen 0.73/turn

%: roll
@: no status effects
A: large, deformed body, tough skin 3, armoured tail, roll 1
a: no special abilities


You were on level 1 of the Dungeon.
You visited 1 branch of the dungeon, and saw 1 of its levels.

You collected 14 gold pieces.

Inventory:

Hand Weapons
 a - a +0 flail (weapon)
Armour
 b - a +0 scale mail (worn)
 c - a +0 buckler (worn)
Potions
 d - a potion of might
 e - a potion of invisibility {unknown}


   Skills:
 - Level 2.6 Fighting
 - Level 1.7 Maces & Flails
 - Level 3.6 Armour
 + Level 0.5 Stealth
 - Level 3.2 Shields


You couldn't memorise any spells.
You didn't know any spells.
Your spell library was empty.

Dungeon Overview and Level Annotations

Branches:
Dungeon (1/15)

Altars:


Innate Abilities, Weirdness & Mutations

Armour fits poorly on your strangely shaped body.
You have extremely tough skin. (AC +3)
You have a long armoured tail.
You regenerate magic when rolling toward enemies. (Rampage MPRegen)


Message History

Welcome, jasper the Armataur Fighter.
The heart of this dungeon contains the terrific artefact, the Orb of Zot.
Press ? for a list of commands and other information.
Found 7 gold pieces and a cyan potion.
Found a staircase leading out of the dungeon.
You now have 7 gold pieces.
e - a cyan potion
There is a staircase leading out of the dungeon here.
You open the door.
There is an open door here.
As you open the door, it creaks loudly!
There is an open door here.
There is an open door here.
As you open the door, it creaks loudly!
A bat comes into view.
You miss the bat. You tail-slap the bat.
You kill the bat!
You open the door.
There is an open door here.
A rat comes into view.
Found 7 gold pieces.
The rat squeaks loudly.
You roll towards the rat!
You hit the rat.
You kill the rat!
You see here a rat corpse.
Found a dagger.
Found a stone staircase leading down.
Found a beast talisman.
You now have 14 gold pieces (gained 7).
A bat comes into view.
You miss the bat. The bat hits you. x2
You take 2 damage, and have 16/18 hp.
The bat barely misses you.
You roll towards the bat!
You barely miss the bat. The bat hits you but does no damage.
You hit the bat but do no damage. The bat hits you but does no damage.
You roll towards the bat!
You miss the bat. The bat hits you.
You take 1 damage, and have 16/18 hp.
You barely miss the bat. The bat hits you but does no damage. x2
Are you sure you want to abandon this character and quit the game? (Confirm with "yes".)

#...........##†#######
#.#######............#
#.# #####.#.#.........
#.# #.............##.#
#.# #.###.#.#.......>#
#.# #.# #%#.#.#.......
#.###.###.#.#.........
#.##...##.#.#b....#...
#.#.###.#....)@.......
#...# #.....#.....###.
###.###.#####.....#
##...## #.#.#.# ##.##
#.#.#... #.# #.#.. #.#
#.# #..... ... #.#
#####.. .# #.#


You could see a bat.

Vanquished Creatures
  A bat (D:1)
  A rat (D:1)
2 creatures vanquished.

Notes
Turn   | Place    | Note
-------+----------+-------------------------------------------
     0 | D:1      | jasper the Armataur Fighter began the quest for the Orb.
     0 | D:1      | Reached XP level 1. HP: 18/18 MP: 1/1
   128 | D:1      | Quit the game

Illustrated notes

Levels and vault maps discovered:
D:1:      elethiomel_arrival_infinity_welcomes_careful_drivers,
          layout_loops_ring, serial_shops, nicolae_shop_getting_attention,
          hellmonk_ecumenical_altar_crossroads, hangedman_glass_teeth

Action                     || total
---------------------------++-------
  Melee: Flail             ||     7
         Tailslap          ||     1
 Armour: Scale mail        ||     7
  Dodge: Dodged            ||     1

Table legend: (Time is in decaauts)
 A = Elapsed time spent in this place.
 B = Non-inter-level travel time spent in this place.
 C = Inter-level travel time spent in this place.
 D = Time resting spent in this place.
 E = Time spent auto-exploring this place.
 F = Levels seen in this place.
 G = Mean time per level.
                   A        B        C        D        E       F      G
               +--------+--------+--------+--------+--------+-----+--------+
         Total |    130 |    130 |      0 |      0 |    104 |   1 |  130.0 |
       Dungeon |    130 |    130 |      0 |      0 |    104 |   1 |  130.0 |
               +--------+--------+--------+--------+--------+-----+--------+

Top non-repeatable levels by time:
     D:1: 130 daAuts
